Match 28181995
Unlisted

Match 28181995
End
Construct Barracks
1⁄4-ton 4x4 Truck
Selects Armored Battlegroup
Selects Veteran Crews
Riflemen Squad
Riflemen Squad
Infantry Support Center
M1 Mortar Team
Construct Motor Pool
M1918 Browning Automatic Rifles
Riflemen Squad
M1 Anti-tank Gun Team
Selects Field Repairs
Construct Tank Depot
M1 Anti-tank Gun Team
Grenade Package
Selects War Machine
Selects Strength in Steel
Riflemen Squad
M1 Anti-tank Gun Team
M4(105) Sherman Bulldozer
Riflemen Squad
Selects Seek and Destroy
Selects UNKNOWN (2160077)
Engineer Squad
M4A3E8 Sherman Easy Eight
Riflemen Squad
M4A3E8 Sherman Easy Eight
M1 Anti-tank Gun Team
Riflemen Squad
M4A3E8 Sherman Easy Eight
M4A3E8 Sherman Easy Eight
^3
DIV 250 BigBoss
colinmeier50
Schultheiß
0
0

Comments sign in to comment!

No comments posted yet!